 Dungeon Crawl Stone Soup version 0.17-a0-1360-g37db002 (console) character file.

1456 Garrluk the Cleaver (level 8, -8/64 HPs)
             Began as a Hill Orc Fighter on June 11, 2015.
             Mangled by an orc warrior
             ... wielding a +0 scimitar
              (9 damage)
             ... on level 6 of the Dungeon.
             The game lasted 00:14:59 (6308 turns).

Garrluk the Cleaver (Hill Orc Fighter)              Turns: 6308, Time: 00:14:59

Health: -8/64      AC:  9    Str: 19    XL:     8   Next: 76%
Magic:  8/8        EV:  7    Int: 10    God:
Gold:   314        SH:  9    Dex: 10    Spells: 0 memorised, 7 levels left

rFire  . . .     SeeInvis .     a - +0 war axe
rCold  . . .     Clarity  .     b - +0 scale mail
rNeg   . . .     SustAt   .     c - +0 shield
rPois  .         Gourm    .     y - +0 helmet
rElec  .         Spirit   .     q - +0 cloak
rCorr  .         Warding  .     (no gloves)
rMut   .         Stasis   .     (no boots)
MR     .....                    (no amulet)
Stlth  ..........               (no ring)
                                (no ring)

@: not resistant to hostile enchantments, extremely unstealthy
A: no striking features
a: no special abilities


You were on level 6 of the Dungeon.
You were very hungry.

You visited 1 branch of the dungeon, and saw 6 of its levels.
You also visited: Sewer.

You collected 314 gold pieces.

Notes
Turn   | Place    | Note
--------------------------------------------------------------
     0 | D:1      | Garrluk the Hill Orc Fighter began the quest for the Orb.
     0 | D:1      | Reached XP level 1. HP: 19/19 MP: 1/1
   443 | D:1      | Reached XP level 2. HP: 23/26 MP: 2/2
   847 | D:2      | Reached skill level 4 in Axes
   911 | D:1      | Reached XP level 3. HP: 8/31 MP: 3/3
  1136 | D:2      | Found a blossoming altar of Fedhas.
  1267 | D:2      | Reached skill level 5 in Axes
  1298 | D:2      | Reached XP level 4. HP: 39/39 MP: 4/4
  1416 | D:2      | Found a sparkling altar of Nemelex Xobeh.
  1851 | D:3      | Found a shimmering altar of Xom.
  1900 | D:3      | Reached skill level 6 in Axes
  2160 | D:3      | Found a faded altar to an unknown god.
  2469 | D:3      | Found a glowing golden altar of the Shining One.
  2872 | D:4      | Noticed a phantom
  2885 | D:4      | Found a deep blue altar of Sif Muna.
  2902 | D:4      | Reached XP level 5. HP: 45/45 MP: 5/5
  2919 | D:4      | Found a glowing drain.
  2931 | Sewer    | Entered a sewer
  3263 | Sewer    | Reached skill level 7 in Axes
  3707 | D:4      | Killed a phantom
  3707 | D:4      | Reached skill level 8 in Axes
  3707 | D:4      | Reached XP level 6. HP: 30/51 MP: 6/6
  4012 | D:4      | Reached skill level 9 in Axes
  4033 | D:4      | Noticed Blork the orc
  4046 | D:4      | Killed Blork the orc
  4054 | D:4      | Reached XP level 7. HP: 27/57 MP: 7/7
  4336 | D:4      | Reached skill level 10 in Axes
  4711 | D:5      | Entered Level 5 of the Dungeon
  4864 | D:5      | Found an opulent altar of Gozag.
  4960 | D:5      | Noticed Dowan
  4960 | D:5      | Noticed Duvessa
  4979 | D:5      | Killed Duvessa
  4979 | D:5      | Reached skill level 11 in Axes
  4990 | D:5      | Killed Dowan
  5161 | D:5      | Reached XP level 8. HP: 5/64 MP: 8/8
  5706 | D:5      | Reached skill level 12 in Axes
  5759 | D:5      | Noticed Crazy Yiuf
  5765 | D:5      | Killed Crazy Yiuf
  5951 | D:6      | Found a bloodstained altar of Trog.
  6260 | D:6      | Reached skill level 13 in Axes
  6305 | D:6      | HP: 1/64 [orc warrior/scimitar (4)]
  6308 | D:6      | Mangled by an orc warrior

Inventory:

Hand weapons
 a - a +0 war axe (weapon)
 D - a +0 blowgun
   (You took it off a kobold on level 5 of the Dungeon)
Missiles
 E - 6 poisoned needles
Armour
 b - a +0 scale mail (worn)
 c - a +0 shield (worn)
 q - a +0 cloak (worn)
   (You took it off Crazy Yiuf on level 5 of the Dungeon)
 y - a +0 helmet (worn)
   (You found it on level 4 of the Dungeon)
Magical devices
 g - a wand of digging (10)
   (You found it on level 2 of the Dungeon)
 n - a wand of fire (5)
   (You found it on level 3 of the Dungeon)
Scrolls
 e - a scroll of blinking {unknown}
 h - 3 scrolls of teleportation
 j - 2 scrolls of random uselessness {unknown}
 k - 6 scrolls of identify {unknown}
 p - 3 scrolls of fog {unknown}
 r - a scroll of recharging {unknown}
 u - 2 scrolls of noise {unknown}
 v - a scroll of remove curse {unknown}
Potions
 d - 3 potions of might
 i - a potion of agility
 z - 2 potions of flight
Comestibles
 f - a meat ration
 l - 5 fruits
 w - a bread ration
 x - 2 beef jerkies
 F - a slice of pizza

Table legend:
 A = Turns spent in this place as a percentage of turns spent in the entire game.
 B = Non-inter-level travel turns spent in this place as a percentage of non-inter-level travel turns spent in the entire game.
 C = Inter-level travel turns spent in this place as a percentage of turns spent in this place.
 D = Turns resting spent in this place as a percentage of non-inter-level travel turns spent in this place.
 E = Turns spent auto-exploring this place as a percentage of non-inter-level travel turns spent in this place.
 F = Non-inter-level travel turns spent in this place divided by the number of levels of this place that you've seen.
                   A       B       C       D       E      F
               +-------+-------+-------+-------+-------+----------------------
         Total | 100.0 | 100.0 |   0.6 |   2.1 |   7.5 | 241.9
       Dungeon |  86.9 |  86.8 |   0.7 |   2.2 |   8.0 | 244.8
         Sewer |  13.1 |  13.2 |   0.0 |   0.9 |   4.0 | 224.0
               +-------+-------+-------+-------+-------+----------------------


   Skills:
 - Level 3.6 Fighting
 * Level 13.4 Axes
 - Level 3.2 Armour
 - Level 3.2 Shields


You had 7 spell levels left.
You didn't know any spells.

Dungeon Overview and Level Annotations

Branches:
Dungeon (6/15)
 Temple: D:4-7

Altars:
Fedhas
Gozag
Nemelex Xobeh
Sif Muna
Trog
Xom
The Shining One


Message History

The orc warrior hits you with a scimitar.
Your shield and scale mail prevent you from hitting the orc warrior.
The orc warrior is severely wounded.
You block the orc warrior's attack.
You hit the orc warrior but do no damage.
The orc warrior is severely wounded.
You closely miss the orc warrior.
The orc warrior is severely wounded.
The orc warrior hits you with a scimitar!
* * * LOW HITPOINT WARNING * * *
Drink which item? (? for menu, Esc to quit)
It was a potion of magic.
Magic courses through your body.
The orc warrior hits you with a scimitar.
* * * LOW HITPOINT WARNING * * *
You hit the orc warrior but do no damage.
The orc warrior is severely wounded.
Your shield and scale mail prevent you from hitting the orc warrior.
The orc warrior is severely wounded.
The orc warrior hits you with a scimitar!
You die...

******* ###### ####### ,,,,,,*
*....# #<....# ,,,...* *,...#
#.....# ,,,...####**,,..# #.....#
***+#....#.##+#.# #.....#
,,,,+....+.....o#####.....#******
**+*#....#####)#@.......#....>*,,
*,,,#...................+.#..,+,,
,,,,+...................#,+..,*,,
##+##...........).......#,*,,,***
........#'###...##+##+###,**,,,,*
..[.....'...+...#,,,,,,*,,,*,,,,+
........#.......+,,,,,,*,,,+,,,,*
......o.###[..###,,,,,,+,,,*,,,,*
......o.##.....*******+***+*,,,,*
##+#..o.#.8...8.*,,,,,,,,,,,,,,,,
,,,'....#.......#,,,,,,,,,,,,,,,<


You could see an orc warrior.

Table legend:
 A = Kills in this place as a percentage of kills in entire the game.
 B = Kills by you in this place as a percentage of kills by you in the entire game.
 C = Kills by friends in this place as a percentage of kills by friends in the entire game.
 D = Other kills in this place as a percentage of other kills in the entire game.
 E = Experience gained in this place as a percentage of experience gained in the entire game.
 F = Experience gained in this place divided by the number of levels of this place that you have seen.
                   A       B       C       D       E      F
               +-------+-------+-------+-------+-------+----------------------
         Total | 100.0 | 100.0 |  -nan |  -nan | 100.0 | 297.3
       Dungeon |  82.4 |  82.4 |  -nan |  -nan |  96.3 | 333.8
         Sewer |  17.6 |  17.6 |  -nan |  -nan |   3.7 |  78.0
               +-------+-------+-------+-------+-------+----------------------

Vanquished Creatures
  Monster Symbol All '5'
  A crimson imp (D:5)
1 creature vanquished. All 'G' 2 eyes of draining (D:6)
2 creatures vanquished. All 'J' 5 oozes (Sewer)
5 creatures vanquished. All 'K' A big kobold (D:6) 12 kobolds
13 creatures vanquished. All 'O' 2 ogres
2 creatures vanquished. All 'P' A bush (D:3)
1 creature vanquished. All 'S' 7 adders 4 ball pythons
11 creatures vanquished. All 'W' A phantom (D:4)
1 creature vanquished. All 'Y' An ice beast (D:5)
1 creature vanquished. All 'Z' A hound skeleton (D:5) 2 adder skeletons
3 creatures vanquished. All 'a' 5 worker ants
5 creatures vanquished. All 'b' 20 bats
20 creatures vanquished. All 'e' Duvessa (D:5) Dowan (D:5)
2 creatures vanquished. All 'g' Crazy Yiuf (D:5) 7 gnolls 4 goblins 7 hobgoblins
19 creatures vanquished. All 'h' 2 hounds 8 jackals
10 creatures vanquished. All 'l' 4 giant geckos 4 giant newts
8 creatures vanquished. All 'o' Blork the orc (D:4) An orc priest (D:4) 3 orc wizards 9 orcs
14 creatures vanquished. All 'r' 5 quokkas 11 rats
16 creatures vanquished. All 's' 4 giant cockroaches
4 creatures vanquished. All 'w' 5 worms
5 creatures vanquished.
143 creatures vanquished. Monster Nature Uniques Duvessa (D:5) Blork the orc (D:4) Dowan (D:5) Crazy Yiuf (D:5)
4 creatures vanquished. Natural Monsters An ice beast (D:5) 2 eyes of draining (D:6) 2 ogres A big kobold (D:6) 2 hounds An orc priest (D:4) 3 orc wizards 5 worker ants 7 adders 7 gnolls 5 oozes (Sewer) 5 worms 4 giant geckos 9 orcs 20 bats 4 giant cockroaches 4 goblins 7 hobgoblins 12 kobolds 4 ball pythons 4 giant newts 8 jackals 5 quokkas 11 rats
133 creatures vanquished. Undead Monsters A phantom (D:4) A hound skeleton (D:5) 2 adder skeletons
4 creatures vanquished. Demonic Monsters A crimson imp (D:5)
1 creature vanquished. Plants A bush (D:3)
1 creature vanquished.
143 creatures vanquished. Ascending Order Duvessa (D:5) An ice beast (D:5) A phantom (D:4) Blork the orc (D:4) A big kobold (D:6) Dowan (D:5) A crimson imp (D:5) Crazy Yiuf (D:5) An orc priest (D:4) A hound skeleton (D:5) A bush (D:3) 2 eyes of draining (D:6) 2 ogres 2 hounds 2 adder skeletons 3 orc wizards 4 giant geckos 4 giant cockroaches 4 goblins 4 giant newts 4 ball pythons 5 worker ants 5 oozes (Sewer) 5 worms 5 quokkas 7 gnolls 7 adders 7 hobgoblins 8 jackals 9 orcs 11 rats 12 kobolds 20 bats
143 creatures vanquished.

Action                   |  1- 3 |  4- 6 |  7- 9 || total
-------------------------+-------+-------+-------++-------
Melee: War axe           |    74 |   299 |   230 ||   603
 Fire: Blowgun           |       |       |     3 ||     3
  Use: Scroll            |       |     3 |     1 ||     4
       Potion            |       |     3 |    11 ||    14
  Eat: Chunk             |     1 |     6 |     6 ||    13
       Bread ration      |       |     1 |       ||     1
